 Dungeon Crawl Stone Soup version 0.17.2-1-ge4368a0 (webtiles) character file.

217 Goblin1989 the Ruffian (level 5, 0/46 HPs)
             Began as a Naga Wanderer on Nov 14, 2017.
             Was an Initiate of Gozag.
             Slain by an orc
             ... wielding a +1 morningstar of protection
              (3 damage)
             ... on level 3 of the Dungeon.
             The game lasted 00:12:34 (4043 turns).

Goblin1989 the Ruffian (Naga Wanderer)              Turns: 4043, Time: 00:12:34

Health: 0/46       AC: 10    Str: 14 (16) XL:     5   Next: 94%
Magic:  9/9        EV:  8    Int: 13      God:    Gozag
Gold:   290        SH:  0    Dex:  9      Spells: 1 memorised, 9 levels left

rFire  . . .     SeeInvis +       - Unarmed
rCold  . . .     Clarity  .     r - +0 ring mail
rNeg   . . .     SustAt   .     (no shield)
rPois  +         Gourm    .     j - +2 helmet
rElec  .         Spirit   .     (no cloak)
rCorr  .         Warding  .     n - +2 pair of gloves
rMut   .         Stasis   .     (no barding)
MR     .....                    (no amulet)
Stlth  ..........               (no ring)
                                (no ring)

@: very slow, not resistant to hostile enchantments, extremely unstealthy
A: see invisible, deformed body, poison resistance, slowness 2, slow metabolism
1, spit poison 2, AC +1
a: Spit Poison, Potion Petition, Call Merchant, Bribe Branch, Renounce Religion


You were on level 3 of the Dungeon.
You worshipped Gozag.
Gozag was noncommittal.
You were very hungry.

You visited 1 branch of the dungeon, and saw 3 of its levels.

You collected 327 gold pieces.
You paid 37 gold pieces to Gozag.

Inventory:

Missiles
 d - 46 arrows
 f - 2 javelins
 g - 109 stones (quivered)
 k - 19 arrows of flame
 p - 12 sling bullets
Armour
 j - a +2 helmet (worn)
 n - a +2 pair of gloves (worn)
 r - a +0 ring mail (worn)
Jewellery
 o - a +2 ring of intelligence {unknown}
 q - an amulet of stasis {unknown}
 u - a ring of magical power {unknown}
Scrolls
 i - 5 scrolls of identify {unknown}
 s - 2 scrolls of remove curse {unknown}
Books
 a - a book of Minor Magic

   Spells                             Type                      Level
   a - Magic Dart                     Conjuration                  1
   b - Blink                          Translocation                2
   c - Call Imp                       Summoning                    2
   d - Repel Missiles                 Charms/Air                   2
   e - Slow                           Hexes                        2
   f - Conjure Flame                  Conjuration/Fire             3
   g - Mephitic Cloud                 Conjuration/Poison/Air       3
 b - the Almanac of Poisonous Conjuration

   Spells                             Type                      Level
   a - Sting                          Conjuration/Poison           1
   b - Mephitic Cloud                 Conjuration/Poison/Air       3
 c - the Catalogue of Clay

   Spells                             Type                      Level
   a - Sandblast                      Earth                        1
   b - Passwall                       Transmutation/Earth          3
Comestibles
 e - 2 bread rations {@e1}
 l - a meat ration {@e2}


   Skills:
 + Level 2.5 Fighting
 - Level 1.0 Throwing
 + Level 1.2 Armour
 + Level 1.7 Dodging
 * Level 3.4 Unarmed Combat
 - Level 3.0 Spellcasting
   Level 3.0 Fire Magic
 - Level 2.0 Earth Magic
   Level 1.0 Evocations


You had 9 spell levels left.
You knew the following spells:

 Your Spells              Type           Power        Failure   Level  Hunger
a - Sandblast             Erth           #.....       24%         1    #......


Dungeon Overview and Level Annotations

Branches:
Dungeon (3/15)

Altars:
Gozag
Kikubaaqudgha


Innate Abilities, Weirdness & Mutations

You cannot wear boots.
Your serpentine skin is tough (AC +1).
You have supernaturally acute eyesight.
Armour fits poorly on your strangely shaped body.
Your system is resistant to poisons.
You cover ground very slowly.
You have a slow metabolism.
You can spit poison.


Message History

The orc priest is lightly wounded.
The orc hits you but does no damage.
You hit the orc priest.
The orc priest is moderately wounded.
The orc priest hits you but does no damage.
The orc hits you with a mace.
You take 3 damage, and have 32/46 hp.
You closely miss the orc priest.
The orc priest is moderately wounded.
The orc priest closely misses you. The orc barely misses you.
You barely miss the orc priest.
The orc priest is moderately wounded.
The orc priest mumbles some strange prayers to Beogh against you.
Pain shoots through your body!
You take 9 damage, and have 23/46 hp.
You hit the orc priest.
The orc priest is moderately wounded.
The orc hits you but does no damage.
The orc priest hits you but does no damage.
You hit the orc priest.
The orc priest is severely wounded.
The orc hits you but does no damage.
The orc priest hits you but does no damage.
You barely miss the orc priest.
The orc priest is severely wounded.
The orc priest hits you but does no damage.
The orc hits you with a mace.
You take 1 damage, and have 22/46 hp.
You hit the orc priest.
You kill the orc priest!
The orc hits you but does no damage.
Unknown command.
You closely miss the orc. You closely miss the orc.
The orc hits you with a mace.
* * * LOW HITPOINT WARNING * * *
You take 5 damage, and have 17/46 hp.
You barely miss the orc. The orc closely misses you.
You hit the orc.
The orc is severely wounded.
The orc hits you but does no damage.
You hit the orc.
You kill the orc!
You now have 284 gold pieces (gained 6).
You see here a mace.
You see here a pair of boots.
You now have 290 gold pieces (gained 6).
You see here a ring mail.
An orc is nearby!
The orc shouts!
You hit the orc but do no damage. You barely miss the orc.
The orc hits you with a morningstar of protection.
* * * LOW HITPOINT WARNING * * *
You take 4 damage, and have 15/46 hp.
You barely miss the orc.
The orc hits you with a morningstar of protection.
* * * LOW HITPOINT WARNING * * *
You take 3 damage, and have 12/46 hp.
Unknown command.
Press: ? - help, v - describe, . - travel
Here: an orc, wielding a morningstar of protection and wearing a chain mail The floor.
Unknown command.
Unknown command.
You aren't carrying any potions.
You aren't carrying any potions.
Unknown command.
Okay, then.
Unknown command.
Read which item? (? for menu, Esc to quit)
As you read the scroll labeled ACADEA AVYMI, it crumbles to dust.
It is a scroll of enchant armour.
Enchant which item? (? for menu, Esc to quit)
Your +1 helmet glows green for a moment.
The orc hits you but does no damage.
Unknown command.
Read which item? (? for menu, Esc to quit)
As you read the scroll labeled FULLEOCEOKK, it crumbles to dust.
You hear a loud clanging noise!
It was a scroll of noise.
You hear a shout!
Unknown command.
You hit the orc.
The orc is moderately wounded.
The orc hits you with a morningstar of protection!
* * * LOW HITPOINT WARNING * * *
You take 9 damage, and have 3/46 hp.
Unknown command.
Read which item? (? for menu, Esc to quit)
As you read the scroll labeled TIXA MUHILEMO, it crumbles to dust.
It is a scroll of enchant weapon.
You aren't carrying any weapons that can be enchanted.
The orc barely misses you.
Read which item? (? for menu, Esc to quit)
As you read the scroll labeled WEHUEN UCZOATO, it crumbles to dust.
It is a scroll of recharging.
You aren't carrying any rechargeable items.
The orc hits you with a morningstar of protection.
You die...
Your body crumbles into a pile of gold.

██.................█▲██.██.......
██.............█......█.██.█.....
.............<.................█.
█..............█.................
█.....█...█....█......█....██.███
.................................
...............█..██.............
..██.██...██...█o.██.............
..██.██...██...█@..).......███.██
.................[[..........█.█8
█.██.██..████.....█████.██████...
█.██.██..........................
█.██.██.█████.██.................
█.██.██.█ █.██.█████████.███.█8
█.██.██>█ █.██.█ █.█ █.██
█.██.██.█ █.██.█ █.█ ███ █.
█.██.. .....█ █.█


You could see an orc.

Vanquished Creatures
  An orc priest (D:3)
  7 adders
  4 gnolls (D:3)
  An ooze (D:3)
  5 worms
  2 giant geckos (D:3)
  7 orcs (D:3)
  7 hobgoblins
  4 jackals (D:2)
  8 kobolds
  2 quokkas
  7 bats
  2 giant cockroaches
  3 giant newts
  6 goblins
  3 rats
69 creatures vanquished.

Notes
Turn   | Place    | Note
--------------------------------------------------------------
     0 | D:1      | Goblin1989 the Naga Wanderer began the quest for the Orb.
     0 | D:1      | Goblin1989 set off with: a book of Minor Magic, the Almanac of Poisonous Conjuration, the Catalogue of Clay, a +0 robe, a bread ration {@e1}, a +0 club
     0 | D:1      | Reached XP level 1. HP: 15/15 MP: 4/4
     0 | D:1      | Identified the Almanac of Poisonous Conjuration
     0 | D:1      | Identified the Catalogue of Clay
     2 | D:1      | Learned a level 1 spell: Sandblast
   589 | D:1      | Reached skill level 1 in Unarmed Combat
   589 | D:1      | Reached XP level 2. HP: 7/24 MP: 6/6
  1378 | D:1      | Reached skill level 1 in Fighting
  1418 | D:2      | Reached XP level 3. HP: 24/31 MP: 7/7
  1658 | D:2      | Reached skill level 1 in Dodging
  2065 | D:2      | Reached XP level 4. HP: 26/38 MP: 8/8
  2276 | D:2      | Found an ancient bone altar of Kikubaaqudgha.
  2834 | D:3      | Found an opulent altar of Gozag.
  2862 | D:3      | Became a worshipper of Gozag Ym Sagoz the Greedy
  3030 | D:3      | Reached XP level 5. HP: 31/45 MP: 9/9
  3068 | D:3      | Reached skill level 1 in Armour
  4043 | D:3      | Slain by an orc

Action                   |  1- 3 |  4- 6 || total
-------------------------+-------+-------++-------
Melee: Unarmed           |   198 |   283 ||   481
Invok: Potion Petition   |       |     1 ||     1
  Use: Potion            |       |     2 ||     2
       Scroll            |       |     4 ||     4
 Stab: Invisible         |       |     3 ||     3
  Eat: Chunk             |     1 |     3 ||     4
       Fruit             |       |     2 ||     2
       Beef jerky        |       |     1 ||     1

Vault maps used:
D:1:      dpeg_arrival_simpleton_a
D:2:      nicolae_overflow_crystal_walls, minmay_stone_trees_small,
          st_stairs_10, kennysheep_pointless_box
D:3:      nicolae_gozag_seed_capital, serial_corexii_hall,
          corexii_hall_statues_x, corexii_hall_statues_i,
          corexii_hall_statues_u, corexii_hall_statues_x
